 Dungeon Sprint DCSS version 0.28.0-53-g5a82cb258f (webtiles) character file.

Game seed: 8207681780036818489

767 Zeld the Thaumaturge (level 7, -2/36 HPs)
             Began as a Deep Elf Conjurer on May 29, 2022.
             Was a Believer of Sif Muna.
             Killed from afar by a burning bush (14 damage)
             ... with a puff of flame
             ... in the Dungeon (Sprint IV: "Fedhas' Mad Dash").
             The game lasted 00:01:40 (1997 turns).

Zeld the Thaumaturge (Deep Elf Conjurer)            Turns: 1997, Time: 00:01:40

Health: -2/36      AC:  2    Str:  4    XL:     7   Next: 52%
Magic:  15/26      EV: 14    Int: 25    God:    Sif Muna [**....]
Gold:   103        SH:  0    Dex: 13    Spells: 19/33 levels left

rFire   . . .      SeeInvis .   (no weapon)
rCold   . . .      Faith    .   (no shield)
rNeg    . . .      Spirit   .   a - +0 robe
rPois   .          Reflect  .   (no helmet)
rElec   .          Harm     .   (no cloak)
rCorr   .          Rampage  .   (no gloves)
Will    .....      NoTele   +   (no boots)
Stlth   +++.......              b - amulet of invisibility {+Inv}
HPRegen 0.12/turn               (no ring)
MPRegen 0.20/turn               (no ring)

@: no status effects
A: no striking features
a: Renounce Religion, Evoke Invisibility, Channel Magic


You were in the Dungeon.
You worshipped Sif Muna.
Sif Muna was pleased with you.
You visited 1 branch You collected 103 gold pieces.

Inventory:

Armour
 a - a +0 robe (worn)
Jewellery
 b - the amulet of invisibility (around neck) {+Inv}
   (You found it in the Dungeon)

   [amulet of nothing]

   +Inv:      It lets you turn invisible.
Scrolls
 g - a scroll of blinking
 h - a scroll of brand weapon {unknown}
Potions
 c - a potion of heal wounds
 d - a potion of haste
 e - 2 potions of magic
 f - a potion of berserk rage


   Skills:
 + Level 6.7 Dodging
 + Level 7.3 Stealth
 * Level 13.5 Spellcasting
 * Level 12.1 Conjurations
 - Level 2.0 Hexes
 - Level 2.0 Translocations


You had 19 spell levels left.
You knew the following spells:

 Your Spells              Type           Power      Damage    Failure   Level
a - Magic Dart            Conj           100%       1d8       1%          1
b - Searing Ray           Conj           100%       2d8       1%          2
c - Fulminant Prism       Conj/Hex       25%        3d14      1%          4
d - Iskenderun's Mystic   Conj/Tloc      51%        2d11      1%          4
z - Dazzling Flash        Conj/Hex       100%       N/A       1%          3

Your spell library contained the following spells:

 Spells                   Type           Power      Damage    Failure   Level


Dungeon Overview and Level Annotations

Branches:
Dungeon (1/1)

Altars:
Cheibriados
Dithmenos
Elyvilon
Gozag
Hepliaklqana
Kikubaaqudgha
Makhleb
Nemelex Xobeh
Okawaru
Qazlal
Ru
Sif Muna
Trog
Uskayaw
Vehumet
Wu Jian
Xom
Yredelemnul
Zin
The Shining One
Beogh
Jiyva
Lugonu

Shops:
D =?


Message History

The burning bush throws fire at you. The puff of flame hits you!
Casting: Searing Ray (safe; 1% risk of failure)
Confirm with . or Enter, or press ? or * to list all spells.
Aiming: Fulminant Prism (dangerous; 1% risk of failure)
Press: ? - help, Dir - move target, p - burning bush You conjure a prism of explosive energy!
A fulminant prism comes into view.
Casting: Fulminant Prism (dangerous; 1% risk of failure)
Confirm with . or Enter, or press ? or * to list all spells.
Aiming: Searing Ray (safe; 1% risk of failure)
Press: ? - help, Shift-Dir - straight line, f - burning bush
Aim: a burning bush (ally target, 100% to hit)
The searing ray hits the burning bush.
The burning bush is lightly damaged. (Press . to maintain the ray.)
The burning bush throws fire at you. The puff of flame misses you.
Your fulminant prism crackles loudly.
The searing ray hits the burning bush.
The burning bush is lightly damaged.
Your fulminant prism explodes!
The blast of energy engulfs the burning bush!!
The burning bush is heavily damaged.
The burning bush throws fire at you. The puff of flame hits you!
The searing ray hits the burning bush!
The burning bush is severely damaged.
The burning bush throws fire at you. The puff of flame misses you.
Unknown command.
Casting: Searing Ray (safe; 1% risk of failure)
Confirm with . or Enter, or press ? or * to list all spells.
Aiming: Fulminant Prism (dangerous; 1% risk of failure)
Press: ? - help, Dir - move target, p - burning bush You conjure a prism of explosive energy!
A fulminant prism comes into view.
The burning bush throws fire at you. The puff of flame hits you!
You die...

################# #
._._._.⌠.#.())..# .#
_._._._..'..#...# *P+
._._._...#..###'##.(:#
_._._._..#..##∩∩@'...#
._._._.⌠.#############
##########


You could see a burning bush (ally target) and a friendly fulminant prism.

Vanquished Creatures
  2 wandering mushrooms (D)
  3 scorpions (D)
  3 oklob saplings (D)
  2 spriggans (D)
  A river rat (D)
  A rat (D)
12 creatures vanquished.

Vanquished Creatures (others)
  3 fulminant prisms (D)
  A fungus (D)
4 creatures vanquished.

Grand Total: 16 creatures vanquished

Notes
Turn   | Place    | Note
-------+----------+-------------------------------------------
     0 | D        | Zeld the Deep Elf Conjurer began the quest for the Orb.
     0 | D        | Reached XP level 1. HP: 10/10 MP: 6/6
    11 | D        | Reached skill level 4 in Spellcasting
    11 | D        | Reached skill level 5 in Conjurations
    11 | D        | Reached XP level 2. HP: 1/15 MP: 0/9
    51 | D        | Learned a level 2 spell: Searing Ray
   300 | D        | Noticed a scorpion
   309 | D        | Killed a scorpion
   310 | D        | Reached skill level 7 in Spellcasting
   310 | D        | Reached XP level 3. HP: 3/19 MP: 2/14
   310 | D        | Reached XP level 4. HP: 4/24 MP: 2/15
   614 | D        | Learned a level 3 spell: Dazzling Flash
   619 | D        | Learned a level 4 spell: Fulminant Prism
   624 | D        | Learned a level 4 spell: Iskenderun's Mystic Blast
   827 | D        | Reached skill level 8 in Spellcasting
   827 | D        | Reached skill level 1 in Hexes
   827 | D        | Reached skill level 1 in Translocations
   999 | D        | Found the amulet of invisibility {+Inv}
  1150 | D        | Found an opulent altar of Gozag.
  1150 | D        | Found a hazy altar of Hepliaklqana.
  1150 | D        | Found a burning altar of Makhleb.
  1150 | D        | Found a sparkling altar of Nemelex Xobeh.
  1150 | D        | Found a snail-covered altar of Cheibriados.
  1150 | D        | Found a sacrificial altar of Ru.
  1150 | D        | Found a shimmering blue altar of Sif Muna.
  1150 | D        | Found a shimmering altar of Xom.
  1150 | D        | Found a basalt altar of Yredelemnul.
  1182 | D        | Found a viscous altar of Jiyva.
  1182 | D        | Found a bloodstained altar of Trog.
  1182 | D        | Found an ornate altar of the Wu Jian Council.
  1183 | D        | Found an iron altar of Okawaru.
  1183 | D        | Found a shadowy altar of Dithmenos.
  1183 | D        | Found a glowing silver altar of Zin.
  1184 | D        | Found a hide-covered altar of Uskayaw.
  1184 | D        | Found an ancient bone altar of Kikubaaqudgha.
  1185 | D        | Found a stormy altar of Qazlal.
  1185 | D        | Found a glowing golden altar of the Shining One.
  1185 | D        | Found a white marble altar of Elyvilon.
  1186 | D        | Found a radiant altar of Vehumet.
  1186 | D        | Found a corrupted altar of Lugonu.
  1188 | D        | Became a worshipper of Sif Muna the Loreminder
  1194 | D        | Reached skill level 9 in Spellcasting
  1194 | D        | Reached XP level 5. HP: 28/28 MP: 8/18
  1457 | D        | Reached * piety under Sif Muna
  1458 | D        | Reached skill level 10 in Spellcasting
  1462 | D        | Reached skill level 11 in Spellcasting
  1462 | D        | Reached skill level 10 in Conjurations
  1462 | D        | Reached XP level 6. HP: 31/32 MP: 7/22
  1658 | D        | Found Imijin Ront's Magic Scroll Shop.
  1658 | D        | Found Dioho's Jewellery Emporium.
  1865 | D        | Noticed a burning bush
  1865 | D        | Noticed a wandering mushroom
  1868 | D        | Killed a wandering mushroom
  1868 | D        | Reached ** piety under Sif Muna
  1868 | D        | Noticed a wandering mushroom
  1869 | D        | Reached skill level 5 in Dodging
  1869 | D        | Reached skill level 12 in Spellcasting
  1871 | D        | Reached XP level 7. HP: 36/36 MP: 10/25
  1872 | D        | Killed a wandering mushroom
  1873 | D        | Reached skill level 13 in Spellcasting
  1997 | D        | Killed from afar by a burning bush

Illustrated notes

Levels and vault maps discovered:
D:        dungeon_sprint_fedhas [sprint_temple]

Skill      XL: |  1  2  3  4  5  6  7 |
---------------+----------------------+-----
Spellcasting   | 4 7 9 11 12 13 | 13.5
Conjurations   | 5 7 9 10 11 12 | 12.1
Hexes          | 2 |  2.0
Translocations | 2 |  2.0
Dodging        | 4 5 6 |  6.7
Stealth        | 4 6 7 |  7.3

Action                   |  1- 3 |  4- 6 |  7- 9 || total
-------------------------+-------+-------+-------++-------
Melee: Unarmed           |     3 |       |       ||     3
 Cast: Magic Dart        |     6 |       |       ||     6
       Searing Ray       |     2 |     8 |     2 ||    12
       Iskenderun's Myst |       |     2 |       ||     2
       Fulminant Prism   |       |     2 |     2 ||     4
 Abil: Evoke Invisibilit |       |     3 |       ||     3
  Use: Potion            |       |     1 |       ||     1
Dodge: Dodged            |     2 |     1 |     2 ||     5
